 Dungeon Crawl Stone Soup version 0.18-a0-1435-gee79d65 (webtiles) character file.

333 M4edhros the Vandal (level 6, -2/35 HPs)
             Began as a Kobold Hunter on Feb 28, 2016.
             Killed by divine providence
             ... invoked by an orc priest
              (15 damage)
             ... on level 4 of the Dungeon.
             The game lasted 00:05:22 (2257 turns).

M4edhros the Vandal (Kobold Hunter)                 Turns: 2257, Time: 00:05:23

Health: -2/35      AC:  9    Str: 10    XL:     6   Next: 83%
Magic:  6/6        EV: 17    Int:  9    God:
Gold:   152        SH:  0    Dex: 19    Spells: 0 memorised, 5 levels left

rFire  . . .     SeeInvis .     s - +1 mace (protect)
rCold  . . .     Gourm    .     c - +0 leather armour
rNeg   . . .     Faith    .     (shield restricted)
rPois  .         Spirit   .     m - +0 helmet (curse)
rElec  .         Dismiss  .     (no cloak)
rCorr  .         Reflect  .     (no gloves)
SustAt .         Harm     .     (no boots)
MR     .....                    (no amulet)
Stlth  ++........               (no ring)
                                (no ring)

@: not resistant to hostile enchantments, unstealthy
A: carnivore 3
a: no special abilities


You were on level 4 of the Dungeon.
You were not hungry.

You visited 1 branch of the dungeon, and saw 4 of its levels.

You collected 152 gold pieces.

Inventory:

Hand Weapons
 a - a +1 hunting sling
 b - a +0 short sword
 s - a +1 mace of protection (weapon)
Missiles
 d - 74 sling bullets
 h - 125 stones (quivered)
Armour
 c - a +0 leather armour (worn)
 e - a +0 large shield
 m - a cursed +0 helmet (worn)
Scrolls
 g - a scroll of random uselessness {unknown}
 i - a scroll of identify {unknown}
 n - 2 scrolls of magic mapping {unknown}
 q - a scroll of enchant weapon {unknown}
 r - 2 scrolls of teleportation {unknown}
Potions
 j - a potion of might {unknown}
 k - a potion of curing
 l - a potion of flight {unknown}
 o - a potion of haste {unknown}
 p - a potion of cancellation {unknown}
Comestibles
 f - 2 meat rations


   Skills:
 - Level 2.1 Fighting
 + Level 6.6 Slings
 + Level 5.1 Dodging
 - Level 1.3 Stealth
 + Level 3.2 Unarmed Combat


You had 5 spell levels left.
You didn't know any spells.

Dungeon Overview and Level Annotations

Branches:
Dungeon (4/15)
 Temple: D:4-7

Altars:

Annotations:
D:4 Eustachio


Innate Abilities, Weirdness & Mutations

You are small and have problems with some larger weapons.
You are carnivorous and can eat meat at any time.


Message History

Beogh smites you!
You hear a shout!
You closely miss the orc priest. Eustachio completely misses you.
The orc priest invokes the aid of Beogh against you.
Beogh smites you! Eustachio hits you with a falchion.
Drink which item? (? for menu, Esc to quit)
Okay, then.
Eustachio casts a spell.
The orc priest miscasts a cantrip.
The orc priest calls down the wrath of Beogh upon you.
Beogh smites you!
* * * LOW HITPOINT WARNING * * *
The ufetubus hits you but does no damage.
The ufetubus completely misses you. Eustachio barely misses you.
Drink which item? (? for menu, Esc to quit)
It was a potion of curing.
You feel better. The ufetubus barely misses you.
The ufetubus hits you but does no damage.
The orc priest calls down the wrath of Beogh upon you.
Beogh smites you!
You die...

.@.....## ###........
...o....# ##..........
#.## #........... #o.#
##........... ##o##
##............ ##o##
#.............
#..###.............
##@##..............
#@5#..............
#####.................
#.......................
........................
###########..#.....#####
#.....##..####
###..######..##.
###...## ###.#.
####.....# #####....


You could see Eustachio, an orc priest, 2 orcs and an ufetubus.

Vanquished Creatures
  2 phantoms (D:4)
  A giant frog (D:4)
  A hound (D:4)
  A worker ant (D:4)
  2 adders
  A dart slug (D:1)
  3 giant geckos
  5 giant cockroaches
  5 goblins
  3 hobgoblins
  4 kobolds
  A bat (D:1)
  A giant newt (D:1)
  6 rats
36 creatures vanquished.

Notes
Turn   | Place    | Note
--------------------------------------------------------------
     0 | D:1      | M4edhros the Kobold Hunter began the quest for the Orb.
     0 | D:1      | Reached XP level 1. HP: 12/12 MP: 1/1
   104 | D:1      | Reached skill level 5 in Slings
   124 | D:1      | Reached XP level 2. HP: 8/17 MP: 2/2
   965 | D:1      | Reached skill level 1 in Unarmed Combat
  1071 | D:1      | Reached XP level 3. HP: 17/21 MP: 3/3
  1632 | D:4      | Noticed a giant frog
  1651 | D:4      | Killed a giant frog
  1651 | D:4      | Reached XP level 4. HP: 21/26 MP: 4/4
  1651 | D:4      | Reached XP level 5. HP: 24/30 MP: 5/5
  1868 | D:4      | Noticed a phantom
  1939 | D:4      | Killed a phantom
  1939 | D:4      | Reached skill level 6 in Slings
  1939 | D:4      | Reached XP level 6. HP: 31/35 MP: 6/6
  2051 | D:4      | Noticed a phantom
  2095 | D:4      | Killed a phantom
  2095 | D:4      | Reached skill level 5 in Dodging
  2236 | D:4      | Noticed Eustachio
  2257 | D:4      | Killed from afar by an orc priest

Vault maps used:
D:1:      minmay_arrival_solitary_statue
D:3:      gammafunk_pakellas_cloud_experiment, uniq_jessica
D:4:      hangedman_decor_clover_reticule, uniq_eustachio

Skill      XL: |  1  2  3  4  5  6 |
---------------+-------------------+-----
Slings         | 5 6 |  6.6
Dodging        | 3 4 5 |  5.1
Unarmed Combat | 1 2 3 |  3.2
Fighting       | |  2.1
Stealth        | |  1.3

Action                   |  1- 3 |  4- 6 || total
-------------------------+-------+-------++-------
Melee: Short sword       |   115 |    19 ||   134
       Mace              |       |     2 ||     2
 Fire: Hunting sling     |     6 |    41 ||    47
  Use: Potion            |     1 |     1 ||     2
 Stab: Sleeping          |     5 |       ||     5
  Eat: Chunk             |     3 |     3 ||     6
